cohdb
Replays
Latest Replays
All Replays
Popular Replays
Top Player Replays
Match Explorer
How It Works
Community
CoH3 Stats
Reddit
Sign in to upload your games and track your stats! →
Sign in with Steam
Match 42621235
Unlisted
Match 42621235
Overview
Messages
Build Orders
End
Kradschützen Motorcycle Team
Selects Italian Combined Arms Battlegroup
Selects Bersaglieri Squad
Bersaglieri Squad
Bersaglieri Squad
Selects Bersaglieri Bolster
Construct Light Support Kompanie
2.5-tonne Medical Truck
Fire Support Elements
Panzerjäger Mechanized Group
Selects Breda Model 30 Light Machine Guns
Pak 38 Anti-tank Gun Team
Flakvierling Half-track
Vehicle Survival Package
Bersaglieri Squad
Pak 38 Mechanized Group
Construct Panzerarmee Kommand
Bersaglieri Squad
Flakvierling Half-track
le.IG 18 Mechanized Group
Pak 38 Anti-tank Gun Team
Flak 36 Anti-tank Gun Team
Walking Stuka Rocket Launcher
jessyjames
|_THUNDER_|
BeerGrills
NotQuiteAKing
0
0
Comments
sign in to comment!
No comments posted yet!